AoeStats
← arturoisasa1

Arena

507966333Analyzed
3v3 RM · 11d ago on Sep 20, 2026· 31m 32s· 6 players
Game mode
Random Map
Map size
Normal (6 player)
Population
200
Speed
Normal
Resources
Standard
Victory
Conquest
Starting age
Dark Age
Ending age
Imperial Age
RankedLock teamsTeams togetherTeam positionsShared explorationLock speedFull tech treeHidden civsTurbo modeCheats
Victory
Defeat
🇵🇾 Celts · Paraguay
913
+14
🇵🇾 Aztecs · Paraguay
850
+17
🇵🇾 Cumans · Paraguay
822
+17
🇪🇸 Koreans · Spain
872
-16
🇦🇷 Bohemians · Argentina
862
-22
🇺🇸 Franks · United States
854
-16
TreeFugger69
4:51 Loom
13:11 Feudal Age
16:12 Wheelbarrow
15:56 Double-Bit Axe
19:23 Castle Age
19:46 Scale Barding Armor
19:32 Fletching
19:54 Forging
23:48 Gold Mining
26:22 Husbandry
26:53 Stone Mining
29:19 Scale Mail Armor
Suco
12:03 Feudal Age
10:20 Loom
12:29 Double-Bit Axe
12:37 Stone Mining
16:40 Castle Age
23:13 Wheelbarrow
23:52 Bow Saw
23:50 Horse Collar
25:45 Hand Cart
26:30 Heavy Plow
27:23 Fletching
Taticool
3:23 Loom
12:51 Feudal Age
16:59 Castle Age
16:35 Double-Bit Axe
16:33 Horse Collar
18:36 Bow Saw
24:19 Fervor
24:30 Sanctity
25:37 Redemption
27:42 Wheelbarrow
28:41 Wagenburg Tactics
28:49 Pikeman
29:30 Squires
30:09 Heavy Plow
31:50 Chemistry
33:41 Imperial Age
31:56 Hand Cart
32:13 Ballistics
Microsoft PowerBI
10:24 Feudal Age
11:06 Double-Bit Axe
11:33 Horse Collar
17:25 Castle Age
18:38 Bow Saw
20:57 Gold Mining
21:21 Heavy Plow
24:57 Forging
25:19 Scale Mail Armor
26:56 Iron Casting
28:28 Chain Mail Armor
30:03 Wheelbarrow
seu madruga
9:39 Feudal Age
10:10 Double-Bit Axe
17:07 Castle Age
16:47 Horse Collar
19:07 Squires
27:14 Forging
27:04 Scale Mail Armor
27:52 Heavy Plow
32:06 Iron Casting
31:46 Chain Mail Armor
arturoisasa1
12:10 Feudal Age
13:37 Double-Bit Axe
15:54 Horse Collar
20:55 Castle Age
19:39 Stone Mining
21:19 Gold Mining
21:59 Fletching
23:48 Gold Shaft Mining
24:19 Bow Saw
25:48 Padded Archer Armor
26:01 Bodkin Arrow
27:09 Scale Barding Armor
27:20 Leather Archer Armor
30:18 Chain Barding Armor
31:04 Steppe Husbandry
31:31 Heavy Plow
Connection lost

Rejoining the realm…

Still unreachable

The connection could not be restored.

Session expired

The server has moved on; the page needs a fresh start.